AoeStats
← November_jp

Glade

510944805Analyzed
1v1 RM · 13h ago on Oct 3, 2026· 51m 33s· 2 players
Game mode
Random Map
Map size
Tiny (2 player)
Population
200
Speed
Normal
Resources
Standard
Victory
Conquest
Starting age
Dark Age
Ending age
Imperial Age
RankedLock teamsTeams togetherTeam positionsShared explorationLock speedFull tech treeHidden civsTurbo modeCheats
Victory
Defeat
🇰🇷 Poles · South Korea
679
+31
🇿🇦 Khmer · South Africa
639
-14
CREEM TEAM9155
3:09 Loom
10:41 Feudal Age
13:08 Double-Bit Axe
14:47 Horse Collar
20:25 Castle Age
19:23 Bloodlines
19:41 Stone Mining
20:14 Gold Mining
27:41 Husbandry
28:00 Fletching
29:24 Scale Barding Armor
31:26 Bodkin Arrow
31:44 Forging
31:55 Heavy Plow
34:29 Iron Casting
34:49 Pikeman
40:30 Ballistics
40:34 Masonry
41:03 Murder Holes
45:11 Wheelbarrow
45:48 Gold Shaft Mining
50:21 Imperial Age
November_jp
12:45 Feudal Age
13:52 Gold Mining
13:47 Horse Collar
14:50 Wheelbarrow
16:03 Double-Bit Axe
21:38 Castle Age
22:34 Scale Barding Armor
24:26 Bow Saw
24:59 Bloodlines
24:50 Husbandry
25:00 Heavy Plow
26:53 Chain Barding Armor
28:18 Forging
30:09 Iron Casting
33:14 Fletching
41:34 Imperial Age
38:39 Crossbowman
39:15 Elite Skirmisher
40:18 Szlachta Privileges
44:48 Crop Rotation
44:40 Bodkin Arrow
45:52 Bracer
Connection lost

Rejoining the realm…

Still unreachable

The connection could not be restored.

Session expired

The server has moved on; the page needs a fresh start.